 Dungeon Crawl Stone Soup version 0.29-a0-617-g7a6b98fccd (webtiles) character file.

Game seed: 5641366280837016262

34 avis the Chiller (level 3, 0/26 HPs)
             Began as a Demigod Ice Elementalist on June 17, 2022.
             Slain by Terence
             ... wielding a +2 falchion of protection
              (4 damage)
             ... on level 2 of the Dungeon.
             The game lasted 00:06:51 (1702 turns).

avis the Chiller (Demigod Ice Elementalist)         Turns: 1702, Time: 00:06:52

Health: 0/26       AC: 13    Str:  9    XL:     3   Next: 1%
Magic:  0/8        EV: 12    Int: 17    God:
Gold:   94         SH:  0    Dex: 18    Spells: 2/6 levels left

rFire   . . .      SeeInvis .   (no weapon)
rCold   . . .      Faith    .   (no shield)
rNeg    . . .      Spirit   .   a - +0 robe
rPois   .          Reflect  .   (no helmet)
rElec   .          Harm     .   (no cloak)
rCorr   .          Rampage  .   c - +0 pair of gloves
Will    .....                   (no boots)
Stlth   ++........              (no amulet)
HPRegen 0.08/turn               k - +4 ring of protection
MPRegen 0.11/turn               (no ring)

@: ice-armoured
A: high MP 1, forlorn, divine attributes
a: no special abilities


You were on level 2 of the Dungeon.
You visited 1 branch of the dungeon, and saw 2 of its levels.

You collected 94 gold pieces.

Inventory:

Missiles
 l - 6 poisoned darts
Armour
 a - a +0 robe (worn)
 c - a +0 pair of gloves (worn)
Jewellery
 k - a +4 ring of protection (left hand)
Scrolls
 d - 2 scrolls of identify {unknown}
 g - a scroll of summoning {unknown}
 h - a scroll of teleportation {unknown}
 m - a scroll of fear {unknown}
Potions
 b - 2 potions of magic
 e - 2 potions of resistance {unknown}
 f - 3 potions of mutation {unknown}
 i - a potion of might {unknown}
 j - a potion of cancellation {unknown}


   Skills:
 - Level 1.7 Dodging
 - Level 1.7 Stealth
 - Level 2.0 Spellcasting
 * Level 4.5 Ice Magic


You had 2 spell levels left.
You knew the following spells:

 Your Spells              Type           Power      Damage    Failure   Level
a - Freeze                Ice            68%        1d8       3%          1
o - Ozocubu's Armour      Ice            17%        N/A       9%          3

Your spell library contained the following spells:

 Spells                   Type           Power      Damage    Failure   Level
 Ensorcelled Hibernation  Hex/Ice        18%        N/A       12%         2
 Beastly Appendage        Tmut           2%         N/A       19%         1
 Passwall                 Tmut/Erth      0%         N/A       28%         2
 Wereblood                Tmut           1%         N/A       28%         2
 Frozen Ramparts          Ice            34%        1d5       9%          3
 Spider Form              Tmut/Pois      1%         N/A       50%         3
 Swiftness                Air            1%         N/A       50%         3
 Hailstorm                Conj/Ice       9%         3d4       58%         4
 Passage of Golubria      Tloc           1%         N/A       88%         4
 Silence                  Hex/Air        0%         N/A       99%         5
 Lehudib's Crystal Spear  Conj/Erth      0%         10d2      100%        8


Dungeon Overview and Level Annotations

Branches:
Dungeon (2/15)

Annotations:
D:2 Terence


Innate Abilities, Weirdness & Mutations

You have an increased reservoir of magic. (+10% MP)
You shall have no god before yourself.
Your divine heritage dramatically boosts your attributes as you level up.


Message History

You hit Terence but do no damage.
Terence is moderately wounded.
The bat hits you but does no damage. Terence barely misses you.
You barely miss Terence.
Terence is moderately wounded.
The bat misses you.
Terence hits you with a +2 falchion of protection!
Casting: Freeze (safe; 3% risk of failure)
Confirm with . or Enter, or press ? or * to list all spells.
Aiming: Freeze (safe; 3% risk of failure)
Press: ? - help, Shift-Dir - straight line, f/p - Terence
Aim: Terence, wielding a +2 falchion of protection and wearing a +0 scale mail (moderately wounded)
You freeze Terence.
Terence is moderately wounded.
The bat closely misses you. Terence closely misses you.
You hit Terence but do no damage.
Terence is moderately wounded.
The bat barely misses you. The bat hits you. Terence barely misses you.
You closely miss Terence.
Terence is moderately wounded.
The bat barely misses you.
Terence hits you with a +2 falchion of protection.
* * * LOW HITPOINT WARNING * * *
You hit Terence.
Terence is heavily wounded.
The bat barely misses you. The bat hits you but does no damage. x2
Terence hits you with a +2 falchion of protection.
* * * LOW HITPOINT WARNING * * *
You hit Terence but do no damage.
Terence is heavily wounded.
The bat barely misses you. The bat hits you but does no damage.
Terence closely misses you.
You barely miss Terence.
Terence is heavily wounded.
The bat hits you but does no damage. Terence hits you but does no damage.
You hit Terence but do no damage.
Terence is heavily wounded.
The bat hits you but does no damage.
Terence hits you with a +2 falchion of protection.
You die...

#.# #.##.##..# #.#
#.###.#.##.##..##..#
#.... .....##..#...#
#..##.#.#####......#
#@.##.#.# #.##..#.###
....##.#.# #.##..# ...
##.###.#.#
###.##..###.## #b#
#.#.###...b........# #.#
#.#......<.@@....<.#
#.###.#####.#.##...###.#
#.†....@).))#.##...# #.#
######.######.. .......#
#.# .......###.# #.#
#..#.... (.. #.#
#....?.###.. #.#
##.###.# #.# #.# ...


You could see Terence and a bat.

Vanquished Creatures
  3 orcs (D:2)
  3 ball pythons
  6 endoplasms
  4 giant cockroaches (D:1)
  3 jackals (D:1)
  A quokka (D:1)
  2 bats
  A frilled lizard (D:1)
  2 rats (D:1)
25 creatures vanquished.

Notes
Turn   | Place    | Note
-------+----------+-------------------------------------------
     0 | D:1      | avis the Demigod Ice Elementalist began the quest for the
                  | Orb.
     0 | D:1      | Reached XP level 1. HP: 14/14 MP: 5/5
   385 | D:1      | Reached skill level 4 in Ice Magic
   498 | D:1      | Reached XP level 2. HP: 20/20 MP: 4/7
  1485 | D:2      | Noticed Terence
  1652 | D:2      | Reached XP level 3. HP: 26/26 MP: 6/8
  1656 | D:2      | Learned a level 3 spell: Ozocubu's Armour
  1702 | D:2      | Slain by Terence

Illustrated notes

Levels and vault maps discovered:
D:1:      lightli_arrival_statue_moat, layout_basic, minmay_door_square
D:2:      layout_loops_ring, shapermc_ecumenical_altar_notcrosses, uniq_terence

Skill      XL: |  1 |
---------------+----+-----
Ice Magic      | 4 |  4.5
Spellcasting   | 2 |  2.0
Dodging        | |  1.7
Stealth        | |  1.7

Action                   || total
-------------------------++-------
Melee: Unarmed           ||     9
 Cast: Freeze            ||    42
       Ozocubu's Armour  ||     1
Armor: Robe              ||    12
Dodge: Dodged            ||    21

Table legend: (Time is in decaauts)
 A = Elapsed time spent in this place.
 B = Non-inter-level travel time spent in this place.
 C = Inter-level travel time spent in this place.
 D = Time resting spent in this place.
 E = Time spent auto-exploring this place.
 F = Levels seen in this place.
 G = Mean time per level.
                   A        B        C        D        E       F      G
               +--------+--------+--------+--------+--------+-----+--------+
         Total |   1702 |   1573 |    129 |    409 |    880 |   2 |  851.0 |
       Dungeon |   1702 |   1573 |    129 |    409 |    880 |   2 |  851.0 |
               +--------+--------+--------+--------+--------+-----+--------+

Top non-repeatable levels by time:
     D:1: 1562 daAuts
     D:2: 140 daAuts
